 Dungeon Crawl Stone Soup version 0.30-a0-626-gd6a5dd7a1f (webtiles) character file.

Game seed: 15468886416501658543

2029 Caratheodory the Ruffian (level 9, -4/63 HPs)
             Began as an Octopode Cinder Acolyte on Jan 10, 2023.
             Was a High Priest of Ignis.
             Slain by an orc warrior
             ... wielding a +0 battleaxe
              (14 damage)
             ... on level 7 of the Dungeon on Jan 11, 2023.
             The game lasted 00:21:51 (5653 turns).

Caratheodory the Ruffian (Octopode Cinder Acolyte)  Turns: 5653, Time: 00:21:52

Health: -4/63      AC:  5    Str: 13    XL:     9   Next: 23%
Magic:  10/10      EV: 15    Int: 20    God:    Ignis [*****.]
Gold:   370        SH:  0    Dex: 14    Spells: 10/10 levels left

rFire   + . .      SeeInvis .      - Unarmed
rCold   . . .      Faith    .    (no shield)
rNeg    . . .      Spirit   .    (helmet restricted)
rPois   .          Reflect  .    t - amulet of the acrobat
rElec   .          Harm     .    d - +4 ring of protection
rCorr   .          Rampage  .    m - +6 ring of dexterity
Will    .....                    (no ring)
Stlth   ++                       (no ring)
HPRegen 0.30/turn                (no ring)
MPRegen 0.12/turn                (no ring)
                                 (no ring)
                                 (no ring)

@: no status effects
A: almost no armour, amphibious, 8 rings, camouflage 1, gelatinous body 1,
(nimble swimmer 1), tentacles
a: Renounce Religion, Fiery Armour, Foxfire Swarm, Rising Flame


You were on level 7 of the Dungeon.
You worshipped Ignis.
Ignis was extremely pleased with you.
You visited 2 branches of the dungeon, and saw 8 of its levels.

You collected 370 gold pieces.

Inventory:

Missiles
 c - 2 silver javelins (quivered)
 y - a throwing net
Jewellery
 b - an amulet of magic regeneration
 d - a +4 ring of protection (left tentacle)
 m - a +6 ring of dexterity (right tentacle)
 s - a ring of ice
 t - an amulet of the acrobat (around mantle)
 D - a ring of flight
Wands
 p - a wand of digging (1)
 q - a wand of iceblast (11)
Scrolls
 a - a scroll of amnesia {unknown}
 e - a scroll of immolation {unknown}
 f - a scroll of noise {unknown}
 h - a scroll of teleportation
 l - a scroll of summoning {unknown}
 o - a scroll of enchant weapon {unknown}
 u - a scroll of poison {unknown}
 v - 2 scrolls of vulnerability
 w - a scroll of fog {unknown}
 x - a scroll of enchant armour {unknown}
Potions
 g - 3 potions of curing
 j - 3 potions of brilliance
 k - a potion of heal wounds
 n - 2 potions of cancellation
 r - a potion of haste {unknown}
 z - a potion of might {unknown}
 B - a potion of berserk rage {unknown}
 C - a potion of ambrosia {unknown}
 E - a potion of lignification {unknown}


   Skills:
 + Level 6.8 Fighting
 + Level 6.0 Dodging
 + Level 6.9 Unarmed Combat
 - Level 1.0 Spellcasting
 + Level 4.7 Transmutations
 - Level 3.0 Fire Magic


You had 10 spell levels left.
You didn't know any spells.
Your spell library contained the following spells:

 Spells                   Type           Power      Damage    Failure   Level
 Scorch                   Fire           26%        2d6       8%          2
 Magic Dart               Conj           4%         1d3       17%         1
 Spider Form              Tmut/Pois      10%        N/A       21%         3
 Blink                    Tloc           2%         N/A       26%         2
 Ensorcelled Hibernation  Hex/Ice        2%         N/A       26%         2
 Momentum Strike          Conj/Tloc      2%         3d8       26%         2
 Searing Ray              Conj           2%         2d4       26%         2
 Inner Flame              Hex/Fire       7%         N/A       28%         3
 Lesser Beckoning         Tloc           2%         N/A       45%         3
 Flame Wave               Conj/Fire      7%         2d5       67%         4
 Sticky Flame             Conj/Fire      7%         2d3       67%         4
 Anguish                  Hex/Necr       0%         N/A       86%         4
 Fulminant Prism          Conj/Hex       0%         3d5       86%         4


Dungeon Overview and Level Annotations

Branches:
Dungeon (7/15)             Temple (1/1) D:6

Altars:
Ashenzari
Cheibriados
Dithmenos
Elyvilon
Hepliaklqana
Kikubaaqudgha
Makhleb
Nemelex Xobeh
Okawaru
Qazlal
Ru
Trog
Uskayaw
Vehumet
Wu Jian
Xom
Yredelemnul
Zin
The Shining One

Shops:
D:2 [

Annotations:
D:3 2 runed translucent doors, exclusion: statue
D:5 2 transporters, chorionicmirror's ghost, novice GnMo


Innate Abilities, Weirdness & Mutations

You cannot wear most types of armour.
You are amphibious.
You can wear up to eight rings at the same time.
Your skin changes colour to match your surroundings (Stealth+).
Your rubbery body absorbs attacks. (AC +1, EV +1)
((You are camouflaged when in or above water. (Stealth+)))
You have tentacles for arms and can constrict up to eight enemies at once.


Message History

You kill the orc!
You constrict the orc warrior, but do no damage.
The orc warrior hits you with a +0 battleaxe!
You tentacle-slap the orc warrior.
The orc warrior is moderately wounded.
You hear the slow hiss of an avalanche of sand nearby.
You constrict the orc warrior.
The orc warrior hits you with a +0 battleaxe!
You tentacle-slap the orc warrior but do no damage.
The orc warrior is heavily wounded.
You constrict the orc warrior, but do no damage.
The orc warrior barely misses you.
You tentacle-slap the orc warrior but do no damage.
The orc warrior is heavily wounded.
You constrict the orc warrior. You tentacle-slap the orc warrior.
The orc warrior is severely wounded.
You constrict the orc warrior.
The orc warrior hits you with a +0 battleaxe.
You tentacle-slap the orc warrior but do no damage.
The orc warrior is severely wounded.
You constrict the orc warrior.
The orc warrior hits you with a +0 battleaxe.
You tentacle-slap the orc warrior but do no damage.
Your squeeze misses the orc warrior.
The orc warrior is severely wounded.
You constrict the orc warrior, but do no damage.
The orc warrior hits you with a +0 battleaxe!
* * * LOW HITPOINT WARNING * * *
You tentacle-slap the orc warrior but do no damage.
You squeeze the orc warrior.
The orc warrior is almost dead.
You constrict the orc warrior.
The orc warrior hits you with a +0 battleaxe!
* * * LOW HITPOINT WARNING * * *
You tentacle-slap the orc warrior but do no damage.
The orc warrior is almost dead.
You constrict the orc warrior, but do no damage.
The orc warrior hits you with a +0 battleaxe!
You die...

########+###
###........... ######
............. ......
#.......... #.###
#?......... #. #.$...##
+. #.#....#### #.
...#@...#.)♣♣♣♣♣♣♣♣♣.
......o).....♣........§♣
..............♣†≈≈≈§§§≈.♣
.............(♣§..≈§≈..§♣
..............♣≈.≈.§§≈.≈♣
..............♣≈.≈._.≈.≈♣
.............♣≈.≈...≈§≈♣
..........###♣≈..≈≈≈§.≈♣
..!.... ♣.≈≈≈§§§≈.♣


You could see an orc warrior.

Vanquished Creatures
  A wyvern (D:4)
  Menkaure (D:4)
  Edmund (D:5)
  A water moccasin (D:7)
  2 black bears (D:7)
  2 ice beasts
  An ogre (D:5)
  A centaur (D:7)
  A phantom (D:4)
  2 bullfrogs (D:6)
  A necrophage (D:7)
  4 scorpions
  3 jellies
  3 orc priests
  Ijyb (D:4)
  3 iguanas
  2 orc wizards
  3 adders (D:2)
  7 gnolls
  A shadow imp (D:5)
  2 worms (D:2)
  2 dart slugs
  18 orcs
  4 endoplasms
  2 giant cockroaches
  10 goblins
  6 hobgoblins
  5 kobolds
  8 ball pythons
  7 bats
  5 frilled lizards
  3 rats (D:1)
113 creatures vanquished.

Vanquished Creatures (others)
  10 foxfires (D:5)
10 creatures vanquished.

Grand Total: 123 creatures vanquished

Notes
Turn   | Place    | Note
-------+----------+-------------------------------------------
     0 | D:1      | Caratheodory the Octopode Cinder Acolyte began the quest
                  | for the Orb.
     0 | D:1      | Reached XP level 1. HP: 16/16 MP: 2/2
   137 | D:1      | Reached XP level 2. HP: 19/21 MP: 3/3
   358 | D:1      | Reached skill level 1 in Dodging
   498 | D:1      | Reached XP level 3. HP: 26/26 MP: 4/4
   740 | D:2      | Reached XP level 4. HP: 32/32 MP: 5/5
  1061 | D:2      | Found Mosolo's Antique Armour Emporium.
  1447 | D:3      | Reached XP level 5. HP: 37/37 MP: 6/6
  1621 | D:3      | Identified the +2 hand axe of Qiys {protect, rPois}
  1646 | D:3      | Found a radiant altar of Vehumet.
  1646 | D:3      | Noticed a frost-covered statue
  1775 | D:3      | Found a shadowy altar of Dithmenos.
  1930 | D:3      | Found a sacrificial altar of Ru.
  2033 | D:3      | Found a large runed translucent door.
  2033 | D:3      | Found a large runed translucent door.
  2034 | D:3      | Found a shimmering altar of Xom.
  2315 | D:4      | Noticed Ijyb
  2500 | D:4      | Killed Ijyb
  2622 | D:4      | Noticed a phantom
  2648 | D:4      | Killed a phantom
  2649 | D:4      | Reached XP level 6. HP: 18/44 MP: 7/7
  2916 | D:4      | Noticed Menkaure
  2955 | D:4      | Killed Menkaure
  2956 | D:4      | Reached skill level 1 in Transmutations
  3034 | D:4      | Reached skill level 5 in Unarmed Combat
  3034 | D:4      | Reached XP level 7. HP: 37/49 MP: 8/8
  3316 | D:4      | Noticed a wyvern
  3322 | D:4      | Killed a wyvern
  3323 | D:4      | Reached skill level 5 in Fighting
  3541 | D:5      | Entered Level 5 of the Dungeon
  3640 | D:5      | HP: 1/50 [orc/+0 war axe (9)]
  3764 | D:5      | Found an iron altar of Okawaru.
  3765 | D:5      | Noticed Edmund
  3787 | D:5      | Killed Edmund
  3788 | D:5      | Reached XP level 8. HP: 28/56 MP: 9/9
  4226 | D:5      | Found a transporter.
  4230 | D:5      | Found a transporter.
  4230 | D:5      | Noticed chorionicmirror's ghost (novice GnMo)
  4617 | D:6      | Found a staircase to the Ecumenical Temple.
  4626 | Temple   | Entered the Ecumenical Temple
  4755 | D:6      | Reached skill level 5 in Dodging
  5021 | D:6      | Found a glowing silver altar of Zin.
  5173 | D:6      | Found a burning altar of Makhleb.
  5372 | D:6      | Found a stormy altar of Qazlal.
  5503 | D:6      | Upgraded the game from 0.30-a0-620-g0e44632947 to
                  | 0.30-a0-626-gd6a5dd7a1f
  5570 | D:7      | Found a broken altar of Ashenzari.
  5601 | D:7      | Reached XP level 9. HP: 58/63 MP: 10/10
  5653 | D:7      | Slain by an orc warrior

Illustrated notes

Levels and vault maps discovered:
D:1:      scummos_arrival_hexagon, layout_basic
D:2:      layout_loops_ring, serial_shops, nicolae_shop_advertising_works
          [nicolae_subvault_shop_adworks], minmay_hexomino_f4
D:3:      due_chaos_kobolds, layout_loops_cross, vehumet_statue,
          grunt_dithmenos_smoke_and_mirrors, lemuel_crystal_altar,
          minmay_misc_feat_iff
D:4:      layout_loops_corners, uniq_menkaure, uniq_ijyb
D:5:      layout_loops_ring, kennysheep_mini_moat, gammafunk_ghost_arena,
          uniq_edmund
D:6:      layout_cave_pools, lemuel_doored_altar,
          mainiacjoe_overflow_catwalk_spiral, minmay_temple_entry_mini_moons
D:7:      layout_basic, mainiacjoe_overflow_paths,
          nicolae_ossuary_entry_false_entrances, uniq_crazy_yiuf_cottage
Temple:   hellmonk_temple_beads

Skill      XL: |  1  2  3  4  5  6  7  8  9 |
---------------+----------------------------+-----
Dodging        | 1 2 3 4 5 6 |  6.0
Unarmed Combat | 4 5 6 |  6.9
Fighting       | 4 5 6 |  6.8
Transmutations | 1 2 4 |  4.7
Spellcasting   | |  1.0
Fire Magic     | |  3.0

Action                   |  1- 3 |  4- 6 |  7- 9 || total
-------------------------+-------+-------+-------++-------
Melee: Unarmed           |    66 |   113 |   161 ||   340
       Constrict         |    15 |    20 |    32 ||    67
       Tentacles         |    10 |    24 |    52 ||    86
       Punch             |     1 |     4 |     7 ||    12
Throw: Javelin           |       |       |     4 ||     4
Invok: Fiery Armour      |       |     1 |     1 ||     2
       Foxfire Swarm     |       |       |     1 ||     1
  Use: Potion            |       |       |     7 ||     7
       Scroll            |       |       |     7 ||     7
 Stab: Sleeping          |       |     7 |     1 ||     8
Armor: Skin              |     6 |    23 |    24 ||    53
Dodge: Dodged            |    34 |    42 |    83 ||   159

Table legend: (Time is in decaauts)
 A = Elapsed time spent in this place.
 B = Non-inter-level travel time spent in this place.
 C = Inter-level travel time spent in this place.
 D = Time resting spent in this place.
 E = Time spent auto-exploring this place.
 F = Levels seen in this place.
 G = Mean time per level.
                   A        B        C        D        E       F      G
               +--------+--------+--------+--------+--------+-----+--------+
         Total |   5624 |   5359 |    265 |      0 |   4319 |   8 |  703.0 |
       Dungeon |   5516 |   5264 |    252 |      0 |   4235 |   7 |  788.0 |
        Temple |    107 |     94 |     13 |      0 |     84 |   1 |  107.0 |
               +--------+--------+--------+--------+--------+-----+--------+

Top non-repeatable levels by time:
     D:4: 1119 daAuts
     D:5: 1071 daAuts
     D:3: 972 daAuts
     D:6: 811 daAuts
     D:2: 770 daAuts
     D:1: 664 daAuts
  Temple: 107 daAuts
     D:7: 106 daAuts
